 Dungeon Crawl Stone Soup version 0.27.1-34-g3ba077fa99 (webtiles) character file.

Game seed: 10380402552525166674

142 cbfl8 the Sneak (level 5, -9/46 HPs)
             Began as a Minotaur Delver on Jan 16, 2022.
             Mangled by an orc warrior (12 damage)
             ... on level 3 of the Dungeon.
             The game lasted 00:13:55 (3226 turns).

cbfl8 the Sneak (Minotaur Delver)                   Turns: 3226, Time: 00:13:56

Health: -9/46      AC:  5    Str: 16    XL:     5   Next: 3%
Magic:  4/4        EV: 11    Int:  8    God:
Gold:   129        SH:  0    Dex: 12    Spells: 4/4 levels left

rFire    . . .     SeeInvis +   j - +0 hand axe (freeze)
rCold    . . .     Faith    .   (no shield)
rNeg     . . .     Spirit   .   n - +0 ring mail
rPois    .         Reflect  .   (helmet restricted)
rElec    .         Harm     .   (no cloak)
rCorr    .         Rampage  .   (no gloves)
Will     .....                  (no boots)
Stlth    ++........             (no amulet)
HPRegen  0.15/turn              k - ring of see invisible
MPRegen  0.09/turn              (no ring)

@: no status effects
A: horns 2, retaliatory headbutt
a: no special abilities


You were on level 3 of the Dungeon.
You visited 1 branch of the dungeon, and saw 5 of its levels.

You collected 129 gold pieces.

Inventory:

Hand Weapons
 a - a +0 hand axe
 j - a +0 hand axe of freezing (weapon)
Armour
 b - a +0 leather armour
 n - a +0 ring mail (worn)
Jewellery
 k - a ring of see invisible (left hand)
Wands
 g - a wand of digging (3)
Scrolls
 c - 2 scrolls of fog
 d - 2 scrolls of magic mapping
 e - a scroll of fear
 m - 2 scrolls of identify
 o - a scroll of holy word {unknown}
 p - a scroll of noise {unknown}
Potions
 f - a potion of haste
 h - a potion of resistance
 i - 2 potions of curing {unknown}
 l - 2 potions of degeneration {unknown}


   Skills:
 + Level 4.1 Fighting
 + Level 3.7 Axes
 + Level 2.1 Armour
 + Level 3.0 Dodging
 + Level 4.8 Stealth


You had 4 spell levels left.
You didn't know any spells.
Your spell library was empty.

Dungeon Overview and Level Annotations

Branches:
Dungeon (5/15)
 Temple: D:4-7

Altars:

Shops:
D:2 !   D:3 :==?=


Innate Abilities, Weirdness & Mutations

You have a pair of horns on your head.
You reflexively headbutt those who attack you in melee.


Message History

You barely miss the quokka. You headbutt the quokka.
You kill the quokka!
You see here a quokka corpse.
i - 2 fuming ruby potions (gained 1)
You open the door.
There is an open door here.
A hobgoblin comes into view.
The hobgoblin shouts!
The hobgoblin barely misses you.
You slash the hobgoblin! You freeze the hobgoblin.
You kill the hobgoblin!
An orc comes into view. It is wielding a +0 falchion.
The orc barely misses you. The orc completely misses you.
You hit the orc. You freeze the orc.
The orc is heavily wounded.
The orc hits you with a +0 falchion. The orc closely misses you.
You hit the orc but do no damage. You headbutt the orc.
You kill the orc!
Things that are here:
a +0 falchion; a +0 ring mail
Found Wifeic's Jewellery Boutique.
Found a stone staircase leading down.
There is an entrance to Wifeic's Jewellery Boutique here.
Found a stone staircase leading up.
You open the door.
The orc warrior shouts!
You open the door. You hit the orc warrior. You freeze the orc warrior.
The orc warrior is lightly wounded.
The orc warrior hits you with a +0 flail!
You hit the orc warrior. You freeze the orc warrior.
The orc warrior is moderately wounded.
The orc warrior hits you with a +0 flail!!
* * * LOW HITPOINT WARNING * * *
You barely miss the orc warrior. Your headbutt misses the orc warrior.
The orc warrior is moderately wounded.
The orc warrior hits you with a +0 flail!
* * * LOW HITPOINT WARNING * * *
The orc warrior hits you with a +0 flail!
You die...

. #. .#. #### .. #... .# ###
####. #.....# ... .....####
#..... ### #....####.#.#.. ###
... +...@'....#.#.#... ###
#...o######.#.#.#### ... ..#
#................<.# #### ###.#
###'#######.#.#...## .... .....
.......∩...>#..o#
######.#.########..####.#.#....
..#....#...........# #.#.#..##
..#....#...........# #.#<#..
..#....#...........# #.#....


You could see an orc warrior.

Vanquished Creatures
  Natasha (twice) (D:2)
  2 adders (D:3)
  A worm (D:2)
  2 dart slugs (D:1)
  3 orcs
  4 endoplasms
  2 giant cockroaches (D:1)
  11 goblins
  4 hobgoblins
  3 jackals (D:1)
  A quokka (D:3)
  8 ball pythons
  8 bats
  4 frilled lizards (D:1)
  4 kobolds
  4 rats
63 creatures vanquished.

Vanquished Creatures (others)
  Robin (D:2)
  7 goblins (D:2)
  5 hobgoblins (D:2)
  A frilled lizard (D:2)
14 creatures vanquished.

Grand Total: 77 creatures vanquished

Notes
Turn   | Place    | Note
-------+----------+-------------------------------------------
     0 | D:5      | cbfl8 the Minotaur Delver began the quest for the Orb.
     0 | D:5      | Reached XP level 1. HP: 19/19 MP: 0/0
    40 | D:3      | Found Botoyneq's Magic Scroll Shoppe.
   137 | D:3      | Found Ehaillo's Jewellery Boutique.
   254 | D:1      | Reached XP level 2. HP: 23/27 MP: 1/1
   683 | D:1      | Found a faded altar of an unknown god.
   720 | D:1      | Reached XP level 3. HP: 32/33 MP: 2/2
  1192 | D:2      | Found Odghefar's Distillery.
  1258 | D:2      | Noticed Natasha
  1265 | D:3      | Noticed an orc warrior
  1275 | D:2      | Reached skill level 1 in Armour
  1278 | D:2      | Killed Natasha
  1279 | D:2      | Reached XP level 4. HP: 19/40 MP: 3/3
  1490 | D:2      | Noticed Natasha
  1504 | D:2      | Killed Natasha
  1632 | D:2      | Killed Robin
  2844 | D:3      | Found Sibeikom's Book Shop.
  2893 | D:3      | Found Sifesog's Jewellery Boutique.
  3134 | D:3      | Reached XP level 5. HP: 41/46 MP: 4/4
  3201 | D:3      | Found Wifeic's Jewellery Boutique.
  3226 | D:3      | Mangled by an orc warrior

Illustrated notes

Levels and vault maps discovered:
D:1:      psy_arrival_basics, layout_rooms, shapermc_ecumenical_altar_venn
D:2:      layout_basic, serial_shops, shop, kennysheep_cross_bottleneck,
          lemuel_old_faithful, uniq_robin, uniq_natasha
D:3:      layout_basic, serial_shops, shop, nicolae_shop_window_shopping, shop,
          nicolae_shop_stone, shop_statue
D:4:      layout_cave_pods, temple_pool_b, minmay_misc_feat_room, corexii_shack
D:5:      layout_rooms, mainiacjoe_overflow_brackets, gammafunk_ghost_mausoleum,
          serial_shops, kennysheep_mini_moat, uniq_edmund

Skill      XL: |  1  2  3  4 |
---------------+-------------+-----
Armour         | 1 2 |  2.1
Axes           | 3 |  3.7
Fighting       | 4 |  4.1
Dodging        | 3 |  3.0
Stealth        | |  4.8

Action                   |  1- 3 |  4- 6 || total
-------------------------+-------+-------++-------
Melee: Hand axe          |    57 |    56 ||   113
       Headbutt          |     8 |     9 ||    17
  Use: Potion            |     3 |       ||     3
       Scroll            |     1 |       ||     1
 Stab: Sleeping          |     2 |     3 ||     5
       Distracted        |       |     1 ||     1
Armor: Leather armour    |    19 |       ||    19
       Ring mail         |     9 |    19 ||    28
Dodge: Dodged            |    70 |    41 ||   111
